 Dungeon Crawl Stone Soup version 0.28.0-53-g5a82cb258f (webtiles) character file.

Game seed: 2580201012240757644

322 Peloso the Covered (level 6, 0/53 HPs)
             Began as a Minotaur Fighter on May 24, 2022.
             Slain by a bullfrog (3 damage)
             ... in a sewer.
             The game lasted 00:06:34 (3201 turns).

Peloso the Covered (Minotaur Fighter)               Turns: 3201, Time: 00:06:35

Health: 0/53       AC: 10    Str: 20    XL:     6   Next: 22%
Magic:  5/5        EV:  5    Int:  5    God:
Gold:   78         SH:  5    Dex: 12    Spells: 5/5 levels left

rFire   . . .      SeeInvis .   a - +0 long sword
rCold   . . .      Faith    .   c - +0 buckler
rNeg    . . .      Spirit   .   j - +0 chain mail
rPois   .          Reflect  .   (helmet restricted)
rElec   .          Harm     .   (no cloak)
rCorr   .          Rampage  .   (no gloves)
Will    .....                   (no boots)
Stlth   ..........              (no amulet)
HPRegen 0.17/turn               (no ring)
MPRegen 0.09/turn               (no ring)

@: lethally poisoned (0 -> -5), constricted
A: horns 2, retaliatory headbutt
a: no special abilities


You were in a sewer.
You visited 1 branch of the dungeon, and saw 3 of its levels.
You also visited: Sewer.

You collected 116 gold pieces.
You spent 38 gold pieces at shops.

Inventory:

Hand Weapons
 a - a +0 long sword (weapon)
Armour
 b - a +0 scale mail
 c - a +0 buckler (worn)
 j - a +0 chain mail (worn)
Jewellery
 g - an amulet of magic regeneration
Scrolls
 e - a scroll of torment {unknown}
 f - a scroll of blinking {unknown}
 h - a scroll of fear {unknown}
 i - a scroll of holy word {unknown}
 k - a scroll of teleportation {unknown}
 m - a scroll of amnesia {unknown}
 p - a scroll of identify
 q - a scroll of acquirement {unknown}
 r - a scroll of enchant weapon {unknown}
Potions
 d - 2 potions of might
 l - 3 potions of heal wounds
 n - a potion of haste {unknown}
 o - a potion of magic {unknown}


   Skills:
 + Level 4.5 Fighting
 + Level 4.9 Long Blades
 + Level 5.5 Armour
 + Level 1.8 Dodging
 + Level 4.6 Shields


You had 5 spell levels left.
You didn't know any spells.
Your spell library was empty.

Dungeon Overview and Level Annotations

Branches:
Dungeon (3/15)              Sewer (1/1)

Altars:
Okawaru
Vehumet

Shops:
D:3 ?(*

Annotations:
D:3 3 runed translucent doors, 101zpm's ghost, weakling DjFE


Innate Abilities, Weirdness & Mutations

You have a pair of horns on your head.
You reflexively headbutt those who attack you in melee.


Message History

You closely miss the bullfrog. The adder closely misses you.
You block the bullfrog's attack.
The ball python bites you but does no damage. x2
The ball python constricts you. The adder bites you but does no damage.
The bullfrog hits you.
The ball python bites you but does no damage.
Unknown command.
You hit the bullfrog.
The bullfrog is lightly wounded.
The bullfrog barely misses you. You block the adder's attack.
You block the ball python's attack. The ball python constricts you.
The ball python bites you but does no damage.
The bullfrog barely misses you. The ball python barely misses you.
The ball python constricts you. The adder bites you.
* * * LOW HITPOINT WARNING * * *
You are poisoned.
The adder poisons you!
You slash the bullfrog!
The bullfrog is severely wounded.
You feel sick.
The ball python bites you but does no damage.
The bullfrog hits you but does no damage.
You block the adder's attack. You block the ball python's attack.
The ball python constricts you. The bullfrog hits you.
* * * LOW HITPOINT WARNING * * *
The ball python bites you but does no damage.
You closely miss the bullfrog. Your headbutt misses the bullfrog.
The bullfrog is severely wounded.
You feel sick. You block the adder's attack. The ball python bites you.
* * * LOW HITPOINT WARNING * * *
The ball python constricts you.
The bullfrog hits you but does no damage.
The ball python bites you but does no damage.
The adder bites you.
* * * LOW HITPOINT WARNING * * *
You are lethally poisoned!
The adder poisons you!
The ball python bites you but does no damage.
The ball python constricts you. The bullfrog hits you.
You die...

#≈≈≈≈≈≈#####
#≈≈≈≈≈
#≈≈≈≈≈≈#
#≈≈≈≈≈
#≈≈≈≈≈≈#
#≈≈≈≈≈
#≈≈≈≈≈≈#
#≈≈≈≈≈
#≈≈≈≈≈≈#
#≈†≈†≈
#≈#≈≈≈≈#
##..††
#≈≈≈≈≈≈#
#≈....
#≈.S≈≈≈#
#≈....
#≈@S≈≈≈#
#≈≈≈≈≈
#SF≈≈≈≈#
#≈≈≈≈≈
#≈#≈≈≈≈#
#≈≈≈≈≈
#≈≈≈≈≈≈#
#≈≈≈≈≈
#≈≈≈≈≈≈#
#≈≈≈≈≈
#≈≈≈≈≈≈#
#≈≈≈≈≈ #≈
≈#≈≈# #≈≈≈≈≈
#. ...##
##.... #S
.... #.....


You could see a bullfrog, an adder and 2 ball pythons.

Vanquished Creatures
  A bullfrog (Sewer)
  A gnoll (D:3)
  8 adders
  6 river rats
  2 worms
  2 dart slugs (D:2)
  5 orcs
  4 endoplasms
  2 giant cockroaches
  9 goblins
  8 hobgoblins
  3 jackals (D:1)
  7 kobolds
  3 quokkas
  18 ball pythons
  8 bats
  6 frilled lizards
  33 rats
126 creatures vanquished.

Notes
Turn   | Place    | Note
-------+----------+-------------------------------------------
     0 | D:1      | Peloso the Minotaur Fighter began the quest for the Orb.
     0 | D:1      | Reached XP level 1. HP: 19/19 MP: 0/0
    92 | D:1      | Reached skill level 4 in Armour
   186 | D:1      | Reached XP level 2. HP: 27/27 MP: 1/1
   573 | D:1      | Reached XP level 3. HP: 27/33 MP: 2/2
  1221 | D:2      | Reached skill level 1 in Dodging
  1375 | D:2      | Found a faded altar of an unknown god.
  1610 | D:2      | Reached XP level 4. HP: 39/40 MP: 3/3
  2063 | D:3      | Found Ufruriru's Antique Weapon Emporium.
  2067 | D:3      | Found Cecsuynk's Magic Scroll Shoppe.
  2127 | D:3      | Bought a scroll of magic mapping for 38 gold pieces
  2136 | D:3      | Found a radiant altar of Vehumet.
  2178 | D:3      | Found a runed translucent gate.
  2179 | D:3      | Found a runed translucent gate.
  2180 | D:3      | Found a runed translucent gate.
  2182 | D:3      | Noticed 101zpm's ghost (weakling DjFE)
  2198 | D:3      | Found an iron altar of Okawaru.
  2249 | D:3      | Found Vuorung's General Store.
  2300 | D:3      | Reached XP level 5. HP: 35/46 MP: 4/4
  2320 | D:3      | Found a glowing drain.
  2326 | Sewer    | Entered a sewer
  2562 | Sewer    | Reached skill level 5 in Armour
  3194 | Sewer    | Reached XP level 6. HP: 31/53 MP: 5/5
  3201 | Sewer    | Slain by a bullfrog

Illustrated notes

Levels and vault maps discovered:
D:1:      elethiomel_arrival_diamonds, layout_loops_ring, serial_glass,
          glass_columns_a, glass_columns_b, minmay_door_square
D:2:      layout_basic, chequers_ecumenical_altar_island, minmay_pentomino_pile
D:3:      layout_basic, old_standard_altar, old_standard_altar, serial_shops,
          shop, shop, nicolae_lakefront_shop, shop, lightli_sewer_entry_pipes,
          ebering_ghost_rock_garden, minmay_starry_boxes
Sewer:    sewer_minmay_w

Skill      XL: |  1  2  3  4  5 |
---------------+----------------+-----
Armour         | 4 5 |  5.5
Fighting       | 4 |  4.5
Long Blades    | 3 4 |  4.9
Dodging        | 1 |  1.8
Shields        | 4 |  4.6

Action                   |  1- 3 |  4- 6 || total
-------------------------+-------+-------++-------
Melee: Long sword        |   121 |   169 ||   290
       Headbutt          |    15 |    24 ||    39
  Use: Scroll            |       |     3 ||     3
Armor: Scale mail        |    68 |       ||    68
       Chain mail        |    15 |   169 ||   184
Dodge: Dodged            |    56 |    79 ||   135
Block: Buckler           |    34 |    80 ||   114
